 Dungeon Crawl Stone Soup version 0.27-a0-1287-gca74d27db6 (webtiles) character file.

Game seed: 9838022974681496059

10327 Gwenloh the Cleaver (level 11, -1/88 HPs)
             Began as a Deep Dwarf Fighter on June 14, 2021.
             Was a Priest of Zin.
             Slain by a wolf (5 damage)
             ... led by Grum
             ... on level 1 of the Lair of Beasts.
             The game lasted 00:39:00 (8658 turns).

Gwenloh the Cleaver (Deep Dwarf Fighter)            Turns: 8658, Time: 00:39:02

Health: -1/88      AC: 14    Str: 24    XL:     11   Next: 34%
Magic:  4/8        EV:  9    Int: 13    God:    Zin [***...]
Gold:   240        SH: 13    Dex: 19    Spells: 10/10 levels left

rFire    . . .     SeeInvis .   a - +0 war axe
rCold    . . .     Faith    +   c - +0 kite shield
rNeg     . . .     Spirit   .   d - +3 ring mail
rPois    ∞         Reflect  .   j - +0 helmet
rElec    .         Harm     .   o - +0 cloak
rCorr    .         Rampage  .   i - +2 pair of gloves
Will     +....                  (no boots)
Stlth    +.........             n - amulet of faith
HPRegen  0.00/turn              (no ring)
MPRegen  0.11/turn              (no ring)

@: vitalised, on recite cooldown
A: damage resistance, heal wounds, sense surroundings 2, no regeneration
a: Heal Wounds, Renounce Religion, Recite, Vitalisation, Imprison, Donate Gold


You were on level 1 of the Lair of Beasts.
You worshipped Zin.
Zin was most pleased with you.
You visited 3 branches of the dungeon, and saw 12 of its levels.

You collected 404 gold pieces.
You spent 130 gold pieces at shops.
You donated 34 gold pieces to Zin.

Inventory:

Hand Weapons
 a - a +0 war axe (weapon)
 b - a +0 hand crossbow
 G - a +0 hunting sling
Missiles
 e - 205 stones (quivered)
 g - 51 bolts
 l - 8 boomerangs of dispersal
 v - a curare-tipped dart
Armour
 c - a +0 kite shield (worn)
 d - a +3 ring mail (worn)
 f - a +0 scale mail
 i - a +2 pair of gloves (worn)
 j - a +0 helmet (worn)
 o - a +0 cloak (worn)
 w - the +9 chain mail of Gozag's Brutal Revenge {Will+ rCorr Int+3 Dex-5}
   (You found it on level 6 of the Dungeon)

   It affects your intelligence (+3).
   It affects your dexterity (-5).
   It protects you from acid and corrosion.
   It increases your willpower.
 y - +0 steam dragon scales
 B - a +0 pair of boots
Jewellery
 n - an amulet of faith (around neck)
 H - a ring of positive energy
 M - an amulet of magic regeneration
Wands
 C - a wand of acid (17)
 F - a wand of iceblast (13)
Scrolls
 k - 2 scrolls of blinking
 m - a scroll of fear {unknown}
 p - 2 scrolls of amnesia
 r - a scroll of vulnerability {unknown}
 t - a scroll of holy word {unknown}
 x - a scroll of noise {unknown}
 D - 3 scrolls of summoning {unknown}
 I - 3 scrolls of enchant armour {unknown}
 J - 3 scrolls of identify
 N - a scroll of enchant weapon {unknown}
Potions
 h - 7 potions of curing
 q - a potion of magic
 s - a potion of might
 u - a potion of cancellation {unknown}
 z - 2 potions of ambrosia
 A - a potion of invisibility {unknown}
 E - 2 potions of haste
 K - a potion of lignification {unknown}
 L - a potion of brilliance {unknown}
 O - a potion of heal wounds


   Skills:
 - Level 2.6 Fighting
 * Level 14.1 Axes
 - Level 3.2 Armour
 + Level 10.6 Shields
 + Level 9.9 Invocations


You had 10 spell levels left.
You didn't know any spells.
Your spell library contained the following spells:

 Spells                   Type           Power      Damage    Failure   Level
 Corona                   Hex            0%         N/A       63%         1
 Ensorcelled Hibernation  Hex/Ice        0%         N/A       77%         2
 Confusing Touch          Hex            0%         N/A       94%         3
 Dazzling Flash           Conj/Hex       0%         N/A       94%         3
 Tukima's Dance           Hex            0%         N/A       94%         3
 Bolt of Magma            Conj/Fire/Erth 0%         4d4       100%        5
 Iskenderun's Battlesphe  Conj           0%         2d6       100%        5
 Iron Shot                Conj/Erth      0%         9d1       100%        6
 Orb of Destruction       Conj           0%         N/A       100%        7
 Spellforged Servitor     Conj/Summ      0%         N/A       100%        7


Dungeon Overview and Level Annotations

Branches:
Dungeon (10/15)            Temple (1/1) D:5            Lair (1/6) D:9
    Orc (0/2) D:9

Altars:
Ashenzari
Cheibriados
Dithmenos
Elyvilon
Fedhas
Gozag
Hepliaklqana
Kikubaaqudgha
Makhleb
Nemelex Xobeh
Okawaru
Qazlal
Ru
Sif Muna
Trog
Uskayaw
Vehumet
Wu Jian
Xom
Yredelemnul
Zin
The Shining One

Shops:
D:3 ?   D:5 !   D:8 [

Annotations:
D:8 1 runed translucent door, funkygono's ghost, novice FoVM
Lair:1 Grum


Innate Abilities, Weirdness & Mutations

You are resistant to damage.
You can heal yourself by infusing magical energy.
You passively map the area around you.
You do not regenerate.


Message History

You miss the wolf. You slash the wolf!
You kill the wolf!
You block the wolf's attack.
You closely miss the wolf. You block the wolf's attack. x2
You clear your throat and prepare to recite. "When the law of the land faltered, Zin rose..."
You block Grum's attack. You block the wolf's attack. Grum barely misses you.
Zin grants you divine stamina. "...from the silver throne, and the heretics were..."
Grum is confused by your recitation. The wolf closely misses you.
The wolf bites you!
* * * LOW HITPOINT WARNING * * *
Zin grants you divine stamina. "...struck down.
And it was thus that the law was made good."
You finish reciting Ablutions 25:38.
You block the wolf's attack. The wolf barely misses you.
Zin grants you divine stamina. The wolf bites you but does no damage.
You block the wolf's attack.
You fail to use your ability.
You block the wolf's attack.
Throw: 206 stones
Press: ? - help, Q - select action, (/) - cycle Shift-Dir - straight line, f - wolf
Aim: a wolf (44% to hit)
You throw a stone. The stone completely misses the wolf.
You block the wolf's attack. The wolf bites you but does no damage.
Unknown command.
Your magical essence is drained by the effort!
You feel much better.
Grum seems less confused.
You block the wolf's attack. x2
Grum is no longer moving quickly.
The wolf bites you but does no damage. You block Grum's attack.
You closely miss the wolf. You block the wolf's attack. x2
You barely miss the wolf. The wolf barely misses you.
Grum hits you from afar with a +0 vorpal glaive!
* * * LOW HITPOINT WARNING * * *
You hit the wolf.
The wolf is moderately wounded.
You block the wolf's attack.
Grum hits you from afar with a +0 vorpal glaive!
* * * LOW HITPOINT WARNING * * *
x2 The wolf bites you!
You die...

* ** ..
#...#†.##...#.....#.##. *
##..###..###.................
.......#####...###.....###..
#....#...#...†..###.... #.#
#........#......####.## ...#
#...##...........# #.* .#.##
#..##.......P##..#..*# ##
####..##.......## .## * ,
#.........#(#@#.# .#* *
#.....}##.#.#h### .. * *
#.##..#####.#g.# *,# , ,
#...#.#....##* .## , , *
*#..#......#.##...#.# , * *
#..#.#......g†...(.. * , ,
.....#..P#.#.######.# *
##....^.(##.### * *
##.#.##.##.#


You could see Grum and a wolf.

Vanquished Creatures
  A two-headed ogre (D:9)
  Pikel (D:7)
  A black mamba (Lair:1)
  2 cane toads (Lair:1)
  Maggie (D:6)
  A rime drake (Lair:1)
  Psyche (D:9)
  2 komodo dragons
  Grinder (D:4)
  8 blink frogs (Lair:1)
  2 shadows
  A wraith (D:8)
  Sigmund (D:3)
  Eustachio (D:4)
  2 steam dragons
  Menkaure (D:4)
  Duvessa (D:4)
  2 water moccasins
  2 orc warriors (D:8)
  A sky beast (D:5)
  3 ice beasts
  A necrophage (D:4)
  3 wolves (Lair:1)
  2 ogres (D:6)
  3 centaurs
  A lemure (D:7)
  3 kobold brigands
  A phantom (D:5)
  3 bullfrogs
  A gnoll sergeant (D:9)
  3 scorpions
  A wyvern zombie (D:7)
  Dowan (D:4)
  A water moccasin skeleton (D:7)
  10 killer bees
  A howler monkey (D:8)
  5 wights (D:8)
  A bullfrog zombie (D:3)
  2 jellies
  7 orc priests
  3 hounds (D:6)
  Jessica (D:3)
  A bullfrog skeleton (D:7)
  2 iguanas
  7 orc wizards
  Natasha (thrice) (D:2)
  A killer bee zombie (D:7)
  A hound skeleton (D:4)
  5 gnolls (D:9)
  8 adders
  An ufetubus (D:4)
  2 worms
  3 dart slugs
  58 orcs
  9 ball pythons
  6 endoplasms
  2 giant cockroaches
  5 goblins
  4 hobgoblins
  2 jackals (D:3)
  3 quokkas
  5 bats
  4 frilled lizards
  14 kobolds
  4 rats
240 creatures vanquished.

Vanquished Creatures (others)
  6 fungi (Lair:1)
  31 plants
  2 withered plants (D:8)
39 creatures vanquished.

Grand Total: 279 creatures vanquished

Notes
Turn   | Place    | Note
-------+----------+-------------------------------------------
     0 | D:1      | Gwenloh the Deep Dwarf Fighter began the quest for the Orb.
     0 | D:1      | Reached XP level 1. HP: 20/20 MP: 1/1
   137 | D:1      | Reached skill level 3 in Axes
   137 | D:1      | Reached XP level 2. HP: 24/27 MP: 2/2
  1145 | D:2      | Found a faded altar of an unknown god.
  1156 | D:2      | You fall into a shaft and drop 2 floors!
  1157 | D:4      | Noticed a scorpion
  1167 | D:4      | Killed a scorpion
  1168 | D:4      | Reached skill level 4 in Axes
  1168 | D:4      | Reached XP level 3. HP: 13/33 MP: 3/3
  1168 | D:4      | Reached XP level 4. HP: 16/40 MP: 4/4
  1183 | D:4      | Noticed Menkaure
  1188 | D:4      | Killed Menkaure
  1188 | D:4      | HP: 2/40 [orc priest/divine providence (14)]
  1189 | D:4      | Reached skill level 5 in Axes
  1189 | D:4      | Reached XP level 5. HP: 3/46 MP: 4/4
  1207 | D:4      | Reached skill level 6 in Axes
  1207 | D:4      | Reached XP level 6. HP: 47/55 MP: 4/4
  1258 | D:4      | Reached skill level 5 in Shields
  1431 | D:3      | Noticed Jessica
  1477 | D:3      | Killed Jessica
  1480 | D:2      | Noticed Natasha
  1496 | D:2      | Killed Natasha
  1582 | D:2      | Reached skill level 7 in Axes
  1824 | D:2      | Noticed Natasha
  1836 | D:2      | Killed Natasha
  1837 | D:2      | Reached XP level 7. HP: 46/61 MP: 4/4
  2095 | D:2      | Noticed Natasha
  2100 | D:2      | Killed Natasha
  2443 | D:3      | Found Pitaonen's Magic Scroll Shop.
  2451 | D:3      | Bought a scroll of identify for 20 gold pieces
  2451 | D:3      | Bought a scroll of identify for 20 gold pieces
  2451 | D:3      | Bought a scroll of identify for 20 gold pieces
  2476 | D:3      | Found a broken altar of Ashenzari.
  2688 | D:3      | Noticed Sigmund
  2700 | D:3      | Killed Sigmund
  2701 | D:3      | Reached skill level 8 in Axes
  2917 | D:4      | Noticed Grinder
  2960 | D:4      | Killed Grinder
  2990 | D:4      | Reached XP level 8. HP: 55/68 MP: 5/5
  3156 | D:4      | Noticed Eustachio
  3186 | D:5      | Entered Level 5 of the Dungeon
  3186 | D:5      | Found a staircase to the Ecumenical Temple.
  3191 | D:5      | Reached skill level 9 in Axes
  3193 | Temple   | Entered the Ecumenical Temple
  3302 | Temple   | Became a worshipper of Zin the Law-Giver
  3445 | D:4      | Noticed Duvessa
  3452 | D:4      | Noticed Dowan
  3465 | D:4      | Killed Duvessa
  3466 | D:4      | Reached skill level 1 in Invocations
  3488 | D:4      | Killed Eustachio
  3493 | D:4      | Killed Dowan
  3806 | D:5      | Found Veyczib's Distillery.
  3814 | D:5      | Bought a potion of heal wounds for 70 gold pieces
  3822 | D:5      | Reached * piety under Zin
  4367 | D:5      | Found an opulent altar of Gozag.
  4494 | D:5      | Reached skill level 10 in Axes
  4582 | D:6      | Identified the +9 chain mail of Gozag's Brutal Revenge
                  | {Will+ rCorr Int+3 Dex-5}
  4635 | D:6      | Gained mutation: You passively map the area around you.
                  | [Deep Dwarf growth]
  4635 | D:6      | Reached XP level 9. HP: 30/74 MP: 9/9
  4646 | D:6      | Noticed Maggie
  4707 | D:6      | Reached ** piety under Zin
  4853 | D:6      | Killed Maggie
  4854 | D:6      | Reached skill level 5 in Invocations
  5269 | D:7      | Reached skill level 11 in Axes
  5311 | D:7      | Noticed Pikel
  5426 | D:7      | Killed Pikel
  5758 | D:7      | Reached *** piety under Zin
  5765 | D:7      | Found a sacrificial altar of Ru.
  5903 | D:8      | Found a runed translucent door.
  5909 | D:8      | Noticed funkygono's ghost (novice FoVM)
  6027 | D:8      | Reached skill level 12 in Axes
  6027 | D:8      | Reached XP level 10. HP: 27/80 MP: 9/9
  6241 | D:8      | Found a burning altar of Makhleb.
  6404 | D:8      | Found Plog's Armour Boutique.
  6455 | D:8      | Found a blossoming altar of Fedhas.
  6533 | D:8      | Found a white marble altar of Elyvilon.
  7096 | D:9      | Found a staircase to the Lair.
  7110 | D:9      | Zin protects you from harm!
  7171 | D:9      | Noticed a two-headed ogre
  7189 | D:9      | Killed a two-headed ogre
  7216 | D:9      | Found a staircase to the Orcish Mines.
  7229 | D:9      | Reached skill level 13 in Axes
  7975 | D:10     | Entered Level 10 of the Dungeon
  7975 | D:10     | Noticed Psyche
  7987 | D:9      | Reached skill level 10 in Shields
  7990 | D:9      | Killed Psyche
  8074 | Lair:1   | Entered Level 1 of the Lair of Beasts
  8110 | Lair:1   | Noticed a black mamba
  8124 | Lair:1   | Killed a black mamba
  8194 | Lair:1   | Noticed a cane toad
  8211 | Lair:1   | Killed a cane toad
  8212 | Lair:1   | Reached XP level 11. HP: 30/88 MP: 8/8
  8560 | Lair:1   | Reached skill level 14 in Axes
  8625 | Lair:1   | Noticed Grum
  8658 | Lair:1   | HP: 4/88 [Grum (1)]
  8658 | Lair:1   | Slain by a wolf

Illustrated notes

Levels and vault maps discovered:
D:1:      psy_arrival_radial01, layout_basic, minmay_misc_feat_enclosed,
          columned_hall_lemuel
D:2:      layout_basic, hellmonk_ecumenical_altar_blasted, st_stairs_2,
          uniq_natasha
D:3:      layout_basic, nicolae_ashenzari_panopticon, serial_shops, shop,
          minmay_diced_spiral, uniq_sigmund, uniq_jessica
D:4:      layout_rooms, serial_bayou, serial_bayou_ford_a,
          serial_bayou_lagoon_b, serial_bayou_pond_d, serial_bayou_pond_a,
          uniq_grinder, uniq_duvessa, uniq_eustachio, uniq_menkaure
D:5:      layout_loops_ring, kennysheep_mini_moat, minmay_temple_entry_mist,
          serial_shops, shop
D:6:      layout_cave_pools, uniq_maggie
D:7:      layout_rooms, marbit_many_paths, uniq_pikel
D:8:      layout_loops_ring, general_overflow_altar, lightli_temple_of_fire,
          lemuel_crystal_altar, serial_shops, shop, gammafunk_ghost_grave
D:9:      layout_loops_corners, david_lair_shrubbed, hiddenorc2_lemuel,
          minmay_hedge_maze
D:10:     layout_cross, biasface_ghost_orc_armoury, serial_co_window_serial,
          co_window_paths_a, co_window_paths_a, co_window_paths_b,
          co_window_paths_a, co_window_paths_a, co_window_paths_a,
          co_window_paths_a, co_window_corner_ca, co_window_corner_ca,
          co_window_corner_ca, co_window_broadway_b, co_window_broadway_c,
          co_window_of_opportunity_b, co_window_2corner, glass_columns_a,
          uniq_psyche
Temple:   lightli_temple_of_artemis
Lair:1:   layout_loops_ring, uniq_grum

Skill      XL: |  1  2  3  4  5  6  7  8  9 10 11 |
---------------+----------------------------------+-----
Axes           | 3 4 5 6 7 8 10 12 13 14 | 14.1
Shields        | 4 5 6 7 9 10 | 10.6
Invocations    | 4 6 9 |  9.9
Fighting       | |  2.6
Armour         | |  3.2

Action                   |  1- 3 |  4- 6 |  7- 9 | 10-12 || total
-------------------------+-------+-------+-------+-------++-------
Melee: War axe           |    66 |   108 |   361 |   400 ||   935
 Fire: Hunting sling     |       |       |    92 |       ||    92
       Hand crossbow     |       |       |       |    51 ||    51
Throw: Stone             |    25 |    52 |    85 |     8 ||   170
Invok: Recite            |       |       |     5 |     9 ||    14
       Vitalisation      |       |       |     3 |    16 ||    19
 Abil: Heal Wounds       |       |     5 |    12 |    26 ||    43
Evoke: Wand              |       |       |       |     2 ||     2
  Use: Potion            |       |     1 |       |     4 ||     5
       Scroll            |       |       |     4 |     3 ||     7
 Stab: Confused          |       |       |     4 |     7 ||    11
       Invisible         |       |       |     2 |    17 ||    19
Armor: Scale mail        |    32 |    11 |       |       ||    43
       Ring mail         |       |    40 |   158 |   149 ||   347
       Skin              |       |       |       |     1 ||     1
Dodge: Dodged            |    15 |    32 |   115 |   154 ||   316
Block: Kite shield       |    34 |    59 |   176 |   311 ||   580

Table legend: (Time is in decaauts)
 A = Elapsed time spent in this place.
 B = Non-inter-level travel time spent in this place.
 C = Inter-level travel time spent in this place.
 D = Time resting spent in this place.
 E = Time spent auto-exploring this place.
 F = Levels seen in this place.
 G = Mean time per level.
                   A        B        C        D        E       F      G
               +--------+--------+--------+--------+--------+-----+--------+
         Total |   8897 |   8433 |    464 |     49 |   5835 |  12 |  741.4 |
       Dungeon |   8192 |   7754 |    438 |     49 |   5381 |  10 |  819.2 |
        Temple |    135 |    110 |     25 |      0 |    101 |   1 |  135.0 |
          Lair |    569 |    569 |      0 |      0 |    353 |   1 |  569.0 |
               +--------+--------+--------+--------+--------+-----+--------+

Top non-repeatable levels by time:
     D:9: 1226 daAuts
     D:2: 988 daAuts
     D:1: 986 daAuts
     D:8: 982 daAuts
     D:4: 965 daAuts
     D:3: 888 daAuts
     D:5: 824 daAuts
     D:6: 756 daAuts
  Lair:1: 569 daAuts
     D:7: 564 daAuts
  Temple: 135 daAuts
    D:10: 9 daAuts
